 Dungeon Crawl Stone Soup version 0.29-a0-1023-g6ae1a4a2c7 (webtiles) character file.

Game seed: 12259910610277014783

3 DungeonMaster the Trooper (level 1, 0/18 HPs)
             Began as a Demonspawn Wanderer on Aug 11, 2022.
             Slain by a jackal (2 damage)
             ... on level 1 of the Dungeon.
             The game lasted 00:00:43 (171 turns).

DungeonMaster the Trooper (Demonspawn Wanderer)      Turns: 171, Time: 00:00:44

Health: 0/18       AC:  3    Str: 13    XL:     1   Next: 41%
Magic:  2/2        EV: 11    Int: 14    God:
Gold:   27         SH:  0    Dex: 10    Spells: 1/2 levels left

rFire   . . .      SeeInvis .   a - +3 dagger
rCold   . . .      Faith    .   (no shield)
rNeg    . . .      Spirit   .   f - +0 leather armour
rPois   .          Reflect  .   (no helmet)
rElec   .          Harm     .   (no cloak)
rCorr   .          Rampage  .   (no gloves)
Will    .....                   (no boots)
Stlth   +.........              (no amulet)
HPRegen 0.06/turn               (no ring)
MPRegen 0.08/turn               (no ring)

@: no status effects
A: no striking features
a: no special abilities


You were on level 1 of the Dungeon.
You visited 1 branch of the dungeon, and saw 1 of its levels.

You collected 27 gold pieces.

Inventory:

Hand Weapons
 a - a +3 dagger (weapon)
Missiles
 b - 3 curare-tipped darts (quivered)
 e - 5 boomerangs
 g - a stone
Armour
 f - a +0 leather armour (worn)
Scrolls
 c - a scroll of fear
Potions
 d - a potion of heal wounds {unknown}


   Skills:
 * Level 3.1 Fighting
 - Level 2.6 Throwing
 * Level 1.2 Dodging
 - Level 1.0 Stealth
 - Level 1.0 Spellcasting
 - Level 1.0 Hexes


You had one spell level left.
You knew the following spells:

 Your Spells              Type           Power      Damage    Failure   Level
a - Slow                  Hex            12%        N/A       22%         1

Your spell library contained the following spells:

 Spells                   Type           Power      Damage    Failure   Level
 Portal Projectile        Hex/Tloc       4%         N/A       63%         3


Dungeon Overview and Level Annotations

Branches:
Dungeon (1/15)

Altars:


Message History

The jackal is moderately wounded.
The jackal bites you but does no damage.
The jackal closely misses you.
The jackal barks!
You hit the jackal but do no damage.
The jackal is moderately wounded.
The jackal closely misses you.
You closely miss the jackal.
The jackal is moderately wounded.
The jackal bites you but does no damage.
You hit the jackal.
The jackal is almost dead.
The jackal bites you.
You hit the jackal but do no damage. The jackal bites you.
You barely miss the jackal.
The jackal bites you but does no damage.
You closely miss the jackal. The jackal barely misses you.
The jackal bites you. The jackal barely misses you.
You barely miss the jackal.
The jackal is almost dead.
A goblin comes into view. It is wielding a +0 club.
The jackal barely misses you. x2; The jackal bites you.
* * * LOW HITPOINT WARNING * * *
You closely miss the jackal.
The jackal is almost dead.
The jackal barely misses you. The jackal bites you.
* * * LOW HITPOINT WARNING * * *
The jackal barely misses you. x2
The jackal bites you but does no damage.
The jackal closely misses you.
You closely miss the jackal.
The jackal is almost dead.
The jackal closely misses you.
The jackal bites you but does no damage.
The jackal bites you.
* * * LOW HITPOINT WARNING * * *
You hit the jackal.
You kill the jackal!
The jackal bites you.
You die...

# #. #.##### #..... ##
#....###.# .. #.....#.# .
#.....#.# ### #.
#.....#.####.# h#
####.....#.#h@hh# .# #
#........#.#†##g###.#.#
####.###....#.#...r......#.#
......[)....................>
####...##...............##.#.
######.######.####.###$..#
..................... ......
######.######.####..#.#.....
........## #.# #..# #.#....


You could see 3 jackals and a goblin.

Vanquished Creatures
  A jackal (D:1)
  A kobold (D:1)
  A quokka (D:1)
  A bat (D:1)
4 creatures vanquished.

Notes
Turn   | Place    | Note
-------+----------+-------------------------------------------
     0 | D:1      | DungeonMaster the Demonspawn Wanderer began the quest for
                  | the Orb.
     0 | D:1      | DungeonMaster set off with the following items: a +3
                  | dagger, 3 curare-tipped darts, a scroll of fear, a +0 robe;
                  | and the following spell memorised: Slow; and the following
                  | spells available to memorise: Portal Projectile.
     0 | D:1      | Reached XP level 1. HP: 18/18 MP: 2/2
   171 | D:1      | Slain by a jackal

Illustrated notes

Levels and vault maps discovered:
D:1:      lightli_arrival_boilingwater, layout_basic, minmay_split_cup_small

Action                   || total
-------------------------++-------
Melee: Dagger            ||    23
  Use: Scroll            ||     1
Armor: Leather armour    ||     8
       Robe              ||     2
Dodge: Dodged            ||    24

Table legend: (Time is in decaauts)
 A = Elapsed time spent in this place.
 B = Non-inter-level travel time spent in this place.
 C = Inter-level travel time spent in this place.
 D = Time resting spent in this place.
 E = Time spent auto-exploring this place.
 F = Levels seen in this place.
 G = Mean time per level.
                   A        B        C        D        E       F      G
               +--------+--------+--------+--------+--------+-----+--------+
         Total |    172 |    172 |      0 |     63 |     49 |   1 |  172.0 |
       Dungeon |    172 |    172 |      0 |     63 |     49 |   1 |  172.0 |
               +--------+--------+--------+--------+--------+-----+--------+

Top non-repeatable levels by time:
     D:1: 172 daAuts
